AoeStats
← Wolong Qi

African Clearing

510304528Analyzed
4v4 RM · 22h ago on Sep 30, 2026· 47m 7s· 8 players
Game mode
Random Map
Map size
Large (8 player)
Population
200
Speed
Normal
Resources
Standard
Victory
Conquest
Starting age
Dark Age
Ending age
Imperial Age
RankedLock teamsTeams togetherTeam positionsShared explorationLock speedFull tech treeHidden civsTurbo modeCheats
Victory
Defeat
🇫🇷 Magyars · France
1383
+12
🇻🇳 Inca · Vietnam
1344
+13
🇹🇷 Persians · Türkiye
1296
+15
🇬🇧 Celts · United Kingdom
1288
+16
🇨🇳 Magyars · China
1440
-20
🇯🇵 Koreans · Japan
1363
-17
🇨🇳 Lithuanians · China
1238
-12
🇨🇳 Franks · China
1094
-16
Lordzek
3:51 Loom
13:36 Feudal Age
18:57 Castle Age
19:56 Scale Barding Armor
22:16 Husbandry
23:42 Forging
23:16 Horse Collar
25:47 Chain Barding Armor
29:03 Wheelbarrow
28:30 Heavy Plow
34:37 Double-Bit Axe
36:28 Iron Casting
38:17 Bow Saw
44:48 Bloodlines
Roids
11:15 Loom
13:36 Feudal Age
19:03 Castle Age
17:01 Double-Bit Axe
20:13 Horse Collar
23:25 Scale Mail Armor
25:00 Forging
27:41 Wheelbarrow
27:43 Bow Saw
28:47 Pikeman
31:09 Chain Mail Armor
31:30 Iron Casting
31:19 Fletching
32:33 Heavy Plow
39:03 Hand Cart
38:33 Town Watch
38:46 Gold Mining
38:48 Stone Mining
42:44 Imperial Age
41:27 Gold Shaft Mining
41:33 Stone Shaft Mining
44:02 Plate Mail Armor
44:32 Blast Furnace
42:55 Elite Woad Raider
43:58 Conscription
44:37 Stronghold
44:49 Capped Ram
45:42 Siege Ram
Si TôT
10:40 Loom
13:24 Feudal Age
20:00 Scale Barding Armor
21:22 Bloodlines
34:05 Double-Bit Axe
39:09 Castle Age
37:24 Gold Mining
41:21 Wheelbarrow
41:59 Husbandry
gianghodd01
8:23 Loom
16:11 Feudal Age
16:32 Champi Runner
16:59 Arson
kojimo
8:12 Loom
13:27 Feudal Age
19:10 Fletching
22:38 Castle Age
21:24 Stone Mining
21:27 Gold Mining
22:52 Crossbowman
25:25 Wheelbarrow
24:48 Bodkin Arrow
26:21 Horse Collar
26:36 Double-Bit Axe
28:43 Town Watch
30:51 Heavy Plow
35:58 Hand Cart
36:33 Ballistics
37:13 Scale Mail Armor
37:23 Forging
41:26 Imperial Age
39:31 Gold Mining
39:32 Stone Mining
39:14 Pikeman
45:32 Halberdier
46:49 Iron Casting
46:29 Chain Mail Armor
46:14 Bracer
47:17 Squires
AJJ
9:50 Loom
19:45 Feudal Age
27:04 Castle Age
30:10 Double-Bit Axe
34:37 Gold Mining
34:58 Bow Saw
34:42 Stone Mining
36:44 Pikeman
40:19 Husbandry
毛毛鸡
8:58 Loom
11:25 Feudal Age
12:23 Double-Bit Axe
15:39 Scale Barding Armor
17:47 Bloodlines
21:21 Castle Age
21:29 Light Cavalry
22:34 Chain Barding Armor
31:06 Bow Saw
31:54 Fletching
38:21 Bodkin Arrow
Wolong Qi
5:58 Loom
12:40 Feudal Age
16:18 Town Watch
19:17 Castle Age
17:26 Double-Bit Axe
17:44 Horse Collar
18:55 Scale Barding Armor
21:27 Bloodlines
22:25 Husbandry
22:55 Bow Saw
26:39 Fletching
33:41 Heavy Plow
35:03 Wheelbarrow
34:18 Pikeman
36:54 Squires
37:59 Scale Mail Armor
Connection lost

Rejoining the realm…

Still unreachable

The connection could not be restored.

Session expired

The server has moved on; the page needs a fresh start.